Map: Blueshift LE

Players

PtitDrogo

  • Race: Protoss Protoss
  • Spawn Location: 7:00

Daydreamer - Winner!

  • Race: Protoss Protoss
  • Spawn Location: 1:00

Event: WCS Montreal 2018

VOD

Have the link to the VOD?

Description

Time

  • Played on: Sept. 7, 2018, 1:33 p.m.
  • Length: 4:47

All games in this series

Show
View Real Time Build Order
Export as new Build Order

PtitDrogo Protoss 

Build Orders:  

Get SALT Encoding   

  12  0:00  Probe  
  13  0:13  Probe  
  14  0:18  Pylon  
  14  0:24  Probe  
  15  0:33  Probe  
  15  0:40  Gateway  
  15  0:41  Probe  
  16  0:46  Assimilator  
  17  0:50  Probe  
  17  0:54  Assimilator  
  18  0:58  Probe  
  19  1:20  Probe  
  20  1:27  Zealot  
  21  2:06  Gateway  
  23  2:11  Pylon  
  21  2:17  Zealot  
  23  2:31  Cybernetics Core  
  23  2:41  Pylon  
  23  2:42  Pylon  
  22  2:56  Pylon  
  22  2:58  Pylon, Stalker  
  20  3:10  Stalker  
  24  3:23  Shield Battery  
  24  3:40  Stalker  
  26  3:44  Shield Battery  
  25  3:57  Shield Battery  
  17  4:16  Pylon  
  17  4:39  Gateway  
  17  4:42  Gateway  
Show
View Real Time Build Order
Export as new Build Order

Daydreamer Protoss - Winner!

Build Orders:  

Get SALT Encoding   

  1  0:00  Probe  
  12  0:05  Probe  
  14  0:16  Pylon  
  14  0:20  Probe  
  15  0:34  Probe  
  16  0:37  Forge  
  16  1:04  Pylon  
  16  1:05  Pylon x2  
  16  1:24  Photon Cannon  
  16  1:25  Pylon  
  15  1:27  Gateway  
  15  1:32  Pylon  
  15  1:54  Gateway  
  14  2:02  Probe  
  15  2:11  Pylon  
  15  2:24  Probe  
  16  2:31  Photon Cannon  
  16  2:37  Photon Cannon  
  16  3:04  Pylon  
  16  3:08  Zealot  
  18  3:22  Cybernetics Core, Photon Cannon  
  18  3:24  Photon Cannon  
  18  3:27  Photon Cannon  
  18  3:35  Pylon  
  18  3:44  Photon Cannon  
  18  3:55  Photon Cannon  
  18  3:58  Shield Battery  
  16  4:09  Photon Cannon  
  16  4:18  Photon Cannon  
  16  4:23  Shield Battery  
  16  4:31  Photon Cannon  
  16  4:34  Probe  
Tags
 
Add a new tag
Caveats
  • Supply blocks, unpowered buildings, or Contaminate may cause inaccurate times.
  • Supply counts are checked every 10 seconds.